 Dungeon Sprint DCSS version 0.24-a0-479-g9a978d2894 (webtiles) character file.

Game seed: 9328788364551775290

56 emperorscorpion the Magician (level 3, 0/21 HPs)
             Began as an Octopode Air Elementalist on July 6, 2019.
             Was an Initiate of Vehumet.
             Slain by a quasit (1 damage)
             ... in the Dungeon (Sprint IX: "|||||||||||||||||||||||||||||").
             The game lasted 00:01:52 (383 turns).

emperorscorpion the Magician (OpAE)                  Turns: 383, Time: 00:01:53

Health: 0/21       AC:  1    Str:  7      XL:     3   Next: 97%
Magic:  0/11       EV: 15    Int: 21      God:    Vehumet [......]
Gold:   0          SH:  0    Dex:  8 (12) Spells: 10/16 levels left

rFire    . . .     SeeInvis .   (no weapon)
rCold    . . .     Gourm    .   (no shield)
rNeg     . . .     Faith    .   (helmet restricted)
rPois    .         Spirit   .   (no amulet)
rElec    .         Reflect  .   n - +3 ring of intelligence
rCorr    .         Harm     .   o - +2 ring of evasion
MR       .....     NoTele   +   (no ring)
Stlth    +++.......             (no ring)
HPRegen  0.07/turn              (no ring)
MPRegen  0.12/turn              (no ring)
                                (no ring)
                                (no ring)

@: sluggish, very slow
A: almost no armour, stealthy swim, amphibious, 8 rings, constrict 8, camouflage
1, gelatinous body 1
a: Renounce Religion


You were in the Dungeon.
You worshipped Vehumet.
Vehumet was noncommittal.
You were not hungry.

You visited 1 branch

Inventory:

Magical Staves
 a - an uncursed staff of energy
Jewellery
 n - a +3 ring of intelligence (left tentacle)
 o - a +2 ring of evasion (right tentacle)
Wands
 l - a wand of iceblast (10)
Scrolls
 h - 2 scrolls of blinking
 j - 3 scrolls of remove curse
 k - 2 scrolls of amnesia
Potions
 c - 5 potions of curing
 d - 3 potions of heal wounds
 e - a potion of haste
 f - 4 potions of magic
 g - a potion of berserk rage
 i - a potion of invisibility
Comestibles
 b - a ration


   Skills:
 + Level 2.0 Dodging
 - Level 2.6 Stealth
 + Level 7.0 Spellcasting
 + Level 1.0 Conjurations
 + Level 3.0 Air Magic


You had 10 spell levels left.
You knew the following spells:

 Your Spells              Type           Power        Failure   Level  Hunger
a - Shock                 Conj/Air       ###.         3%          1    None
b - Swiftness             Chrm/Air       ##......     7%          2    None
c - Static Discharge      Conj/Air       ###.....     12%         3    #......

Your spell library contained the following spells:

 Spells                   Type           Power        Failure   Level  Hunger
 Airstrike                Air            ###.......   26%         4    ###....
 Lightning Bolt           Conj/Air       ###.......   71%         5    #####..


Dungeon Overview and Level Annotations

Branches:
Dungeon (1/1)

Altars:
Cheibriados
Dithmenos
Elyvilon
Fedhas
Gozag
Hepliaklqana
Kikubaaqudgha
Makhleb
Nemelex Xobeh
Okawaru
Qazlal
Ru
Sif Muna
Trog
Uskayaw
Vehumet
Wu Jian
Xom
Yredelemnul
Zin
The Shining One
Beogh
Jiyva
Lugonu


Innate Abilities, Weirdness & Mutations

You cannot wear most types of armour.
You are very stealthy in the water. (Stealth+)
You are amphibious.
You can wear up to eight rings at the same time.
You can use your tentacles to constrict eight enemies at once.
Your skin changes colour to match your surroundings (Stealth+).
Your rubbery body absorbs attacks. (AC +1, EV +1)


Message History

Confirm with . or Enter, or press ? or * to list all spells.
Aiming: Shock (safe; 3% risk of failure)
Press: ? - help, Shift-Dir - straight line, f/p - quasit
Aim: a quasit (severely wounded, constricted by you)
The zap hits the quasit.
The quasit is severely wounded.
You constrict the quasit, but do no damage.
The quasit bites you.
* * * LOW HITPOINT WARNING * * *
You feel clumsy. The quasit misses you. The quasit claws you.
* * * LOW HITPOINT WARNING * * *
You feel clumsy.
You tentacle-slap the quasit but do no damage.
The quasit is severely wounded.
You constrict the quasit. The quasit bites you.
* * * LOW HITPOINT WARNING * * *
You feel clumsy. The quasit claws you.
You die...

▓_▓
▓_▓
▓_▓
▓_▓
▓_▓
▓_▓
▓_▓
▓_▓
▓@▓
▓5▓
▓_▓
▓_▓
▓_▓
▓_▓
▓_▓
▓_▓
▓_▓


You could see a quasit.

Vanquished Creatures
  A worker ant (D)
  3 shadow imps (D)
  A dart slug (D)
  A leopard gecko (D)
  A goblin (D)
  A hobgoblin (D)
  A kobold (D)
  A quokka zombie (D)
10 creatures vanquished.

Notes
Turn   | Place    | Note
-------+----------+-------------------------------------------
     0 | D        | emperorscorpion the Octopode Air Elementalist began the
                  | quest for the Orb.
     0 | D        | Reached XP level 1. HP: 11/11 MP: 3/3
     5 | D        | Reached skill level 3 in Spellcasting
     5 | D        | Reached skill level 4 in Spellcasting
     5 | D        | Reached XP level 2. HP: 17/17 MP: 1/7
    81 | D        | Reached skill level 5 in Spellcasting
    83 | D        | Reached XP level 3. HP: 19/21 MP: 1/10
    83 | D        | Reached skill level 6 in Spellcasting
    87 | D        | Reached skill level 7 in Spellcasting
    94 | D        | Found a roughly hewn altar of Beogh.
    94 | D        | Found a snail-covered altar of Cheibriados.
    94 | D        | Found a shadowy altar of Dithmenos.
    94 | D        | Found a white marble altar of Elyvilon.
    94 | D        | Found a blossoming altar of Fedhas.
    94 | D        | Found an opulent altar of Gozag.
    95 | D        | Found a hazy altar of Hepliaklqana.
    96 | D        | Found a viscous altar of Jiyva.
    97 | D        | Found an ancient bone altar of Kikubaaqudgha.
    98 | D        | Found a corrupted altar of Lugonu.
    99 | D        | Found a burning altar of Makhleb.
   100 | D        | Found a sparkling altar of Nemelex Xobeh.
   101 | D        | Found an iron altar of Okawaru.
   102 | D        | Found a stormy altar of Qazlal.
   103 | D        | Found a sacrificial altar of Ru.
   104 | D        | Found a deep blue altar of Sif Muna.
   105 | D        | Found a bloodstained altar of Trog.
   106 | D        | Found a hide-covered altar of Uskayaw.
   107 | D        | Found a radiant altar of Vehumet.
   108 | D        | Found an ornate altar of the Wu Jian Council.
   109 | D        | Found a shimmering altar of Xom.
   110 | D        | Found a basalt altar of Yredelemnul.
   111 | D        | Found a glowing silver altar of Zin.
   112 | D        | Found a glowing golden altar of the Shining One.
   115 | D        | Became a worshipper of Vehumet
   144 | D        | Learned a level 2 spell: Swiftness
   148 | D        | Learned a level 3 spell: Static Discharge
   383 | D        | HP: 1/21 [quasit (3)]
   383 | D        | Slain by a quasit

Levels and vault maps discovered:
D:        linesprint [early_d, line_temple, items_1, d_10, items_2, lair_1,
          lair_end, items_3, orc_1, orc_end, items_4, d_15, swamp_1, shoals_1,
          snake_1, spider_1, d_20, vaults_1, items_5, swamp_end, shoals_end,
          snake_end, spider_end, vaults_end, d_27, items_6, zot_1, zot_end,
          crypt_end, forest_end, elf_end, slime_end, tomb_end, abyss_end,
          pan_hell_end]

Skill      XL: |  1  2  3 |
---------------+----------+-----
Spellcasting   | 4 5 7 |  7.0
Dodging        | |  2.0
Stealth        | |  2.6
Conjurations   | |  1.0
Air Magic      | |  3.0

Action                   || total
-------------------------++-------
Melee: Unarmed           ||     8
       Constrict         ||     2
 Cast: Shock             ||    20
       Swiftness         ||     1
       Static Discharge  ||     1
Armor: Skin              ||     4
Dodge: Dodged            ||    31

Table legend:
 A = Non-vault XP
 B = Vault XP
 C = Vault XP percentage of total XP
 D = Non-vault monster count
 E = Vault monster count
 F = Vault count percentage of total count
                 A         B        C        D         E       F
            +---------+---------+-------+---------+---------+-------
      Total |       0 |      81 | 100.0 |       0 |      10 | 100.0
            +---------+---------+-------+---------+---------+-------
          D |       0 |      81 | 100.0 |       0 |      10 | 100.0
            +---------+---------+-------+---------+---------+-------
